 Dungeon Crawl Stone Soup version 0.29.0-10-g45618ea6d2 (webtiles) character file.

Game seed: 5750771674398010571

560 keekatzer the Covered (level 7, -5/44 HPs)
             Began as a Gargoyle Gladiator on Sept 2, 2022.
             Was a Believer of Okawaru.
             Killed by divine providence
             ... invoked by an orc priest
              (13 damage)
             ... on level 5 of the Dungeon.
             The game lasted 00:15:51 (3701 turns).

keekatzer the Covered (Gargoyle Gladiator)          Turns: 3701, Time: 00:15:51

Health: -5/44      AC: 14    Str: 18    XL:     7   Next: 31%
Magic:  8/9        EV: 10    Int:  8    God:    Okawaru [**....]
Gold:   302        SH:  0    Dex: 13    Spells: 6/6 levels left

rFire   . . .      SeeInvis .   a - +0 war axe
rCold   . . .      Faith    .   (no shield)
rNeg    + . .      Spirit   .   u - +0 scale mail
rPois   ∞          Reflect  .   c - +0 helmet
rElec   +          Harm     .   m - +0 cloak
rCorr   +          Rampage  .   (no gloves)
Will    .....                   (no boots)
Stlth   ..........              (no amulet)
HPRegen 0.14/turn               r - ring of resist corrosion
MPRegen 0.11/turn               (no ring)

@: no status effects
A: sickness immunity, AC +4, negative energy resistance 1, electricity
resistance, torment resistance 1, petrification resistance
a: Renounce Religion, Heroism


You were on level 5 of the Dungeon.
You worshipped Okawaru.
Okawaru was pleased with you.
You visited 1 branch of the dungeon, and saw 5 of its levels.

You collected 302 gold pieces.

Inventory:

Hand Weapons
 a - a +0 war axe (weapon)
 A - a +0 glaive
Missiles
 d - 3 throwing nets (quivered)
 e - a javelin
Armour
 c - a +0 helmet (worn)
 m - a +0 cloak (worn)
 u - a +0 scale mail (worn)
Jewellery
 r - a ring of resist corrosion (left hand)
 w - a ring of ice
Scrolls
 h - 6 scrolls of identify {unknown}
 j - a scroll of amnesia {unknown}
 k - 2 scrolls of enchant weapon {unknown}
 o - 2 scrolls of fear {unknown}
 p - a scroll of brand weapon {unknown}
 s - 2 scrolls of teleportation {unknown}
 y - a scroll of torment {unknown}
Potions
 f - 2 potions of mutation {unknown}
 g - 2 potions of cancellation
 i - a potion of resistance
 l - 3 potions of brilliance {unknown}
 n - 2 potions of lignification {unknown}
 q - a potion of heal wounds {unknown}
 t - a potion of experience {unknown}
 x - a potion of berserk rage {unknown}
 z - a potion of magic {unknown}
 B - a potion of degeneration {unknown}
 C - a potion of curing {unknown}
Miscellaneous
 v - a piece from Xom's chessboard (15/15)


   Skills:
 + Level 4.8 Fighting
 - Level 2.7 Axes
 + Level 1.8 Throwing
 + Level 5.6 Armour
 * Level 2.4 Dodging
 * Level 3.3 Invocations


You had 6 spell levels left.
You didn't know any spells.
Your spell library contained the following spells:

 Spells                   Type           Power      Damage    Failure   Level
 Foxfire                  Conj/Fire      0%         2x1d4     77%         1
 Conjure Flame            Conj/Fire      0%         6-21      98%         3
 Inner Flame              Hex/Fire       0%         N/A       98%         3
 Flame Wave               Conj/Fire      0%         2d4       100%        4
 Passage of Golubria      Tloc           0%         N/A       100%        4
 Silence                  Hex/Air        0%         N/A       100%        5
 Lehudib's Crystal Spear  Conj/Erth      0%         10d2      100%        8


Dungeon Overview and Level Annotations

Branches:
Dungeon (5/15)
 Temple: D:4-7

Altars:
Cheibriados
Elyvilon
Fedhas
Gozag
Kikubaaqudgha
Makhleb
Nemelex Xobeh
Okawaru
Qazlal
Trog
Vehumet
Xom
Zin


Innate Abilities, Weirdness & Mutations

You are immune to sickness and miasma.
Your stone body is resilient. (AC +4)
You are immune to poison.
You resist negative energy. (rN+)
You are resistant to electric shocks. (rElec)
You are resistant to unholy torment.
You are immune to petrification.


Message History

The mummy is almost destroyed.
The mummy hits you!
You barely miss the mummy.
The mummy is almost destroyed.
You barely miss the mummy.
The mummy is almost destroyed.
The mummy hits you.
* * * LOW HITPOINT WARNING * * *
Found an ancient bone altar of Kikubaaqudgha.
Miasma emanates from the human's flesh.
The human is engulfed in dark miasma.
The human is poisoned.
The human seems to slow down.
The human is engulfed in dark miasma.
The human looks even sicker.
The human seems to slow down.
The human dies!
The human rises from the dead!
Found a brown potion.
An orc and an orc priest come into view.
The orc shouts!
The orc priest shouts!
You hear a shout! x2
An orc comes into view. It is wielding a +0 club.
The orc shouts!
The orc priest calls down the wrath of Beogh upon you.
Beogh smites you!
* * * LOW HITPOINT WARNING * * *
You gain the combat prowess of a mighty hero.
You barely miss the mummy.
The mummy is almost destroyed.
The mummy hits you.
* * * LOW HITPOINT WARNING * * *
You hit the mummy.
You destroy the mummy!
Okawaru accepts your kill.
You slash the orc!
You kill the orc!
Okawaru accepts your kill.
You feel like a meek peon again.
It was a potion of cancellation.
You feel magically purged.
The orc priest invokes the aid of Beogh against you.
Beogh smites you!
You die...

#...!..o....._.....
....................
#...................
#........###.....###
^.....####........# #.....# #
#..............######o....# # #.
............### #..o...##### ...
............######.)#...# #.
................@.o..##.#._.# #.
.#...#..............o...#...####.
........................#####....
...# #...........[......##Z##.###
.#####..................#####.#
........................#####.#
###..........#................# #
#).....##..#................#
###).....###.................##


You could see an orc priest and an orc.

Vanquished Creatures
  2 ogres (D:5)
  A phantom (D:4)
  A necrophage (D:4)
  3 iguanas
  Terence (D:3)
  A mummy (D:5)
  4 adders
  3 worms
  3 dart slugs
  6 orcs
  7 bats
  9 endoplasms
  5 giant cockroaches
  5 hobgoblins
  4 jackals (D:4)
  10 kobolds
  4 quokkas
  8 ball pythons
  A frilled lizard (D:3)
  8 goblins
  4 rats
90 creatures vanquished.

Vanquished Creatures (others)
  A human (D:5)
  A plant (D:3)
  A withered plant (D:3)
3 creatures vanquished.

Grand Total: 93 creatures vanquished

Notes
Turn   | Place    | Note
-------+----------+-------------------------------------------
     0 | D:1      | keekatzer the Gargoyle Gladiator began the quest for the
                  | Orb.
     0 | D:1      | Reached XP level 1. HP: 12/12 MP: 1/1
   112 | D:1      | Reached skill level 1 in Armour
   112 | D:1      | Reached XP level 2. HP: 11/17 MP: 2/2
   448 | D:1      | Reached skill level 2 in Armour
   660 | D:1      | Reached XP level 3. HP: 21/21 MP: 3/3
  1034 | D:2      | Reached skill level 3 in Armour
  1544 | D:3      | Reached XP level 4. HP: 28/28 MP: 4/4
  1601 | D:3      | Found a faded altar of an unknown god.
  1615 | D:3      | Prayed at the altar of an unknown god.
  1615 | D:3      | Became a worshipper of Warmaster Okawaru
  1615 | D:3      | Reached * piety under Okawaru
  1642 | D:3      | Noticed Terence
  1658 | D:3      | Killed Terence
  1659 | D:3      | Reached skill level 1 in Invocations
  1924 | D:3      | Found a shimmering altar of Xom.
  2048 | D:3      | Found a radiant altar of Vehumet.
  2050 | D:3      | Found a glowing silver altar of Zin.
  2052 | D:3      | Found a white marble altar of Elyvilon.
  2052 | D:3      | Found an opulent altar of Gozag.
  2053 | D:3      | Found a stormy altar of Qazlal.
  2053 | D:3      | Found a blossoming altar of Fedhas.
  2282 | D:3      | Reached XP level 5. HP: 28/32 MP: 5/5
  2746 | D:4      | Noticed a phantom
  2758 | D:4      | Killed a phantom
  2759 | D:4      | Reached skill level 4 in Armour
  2759 | D:4      | Reached XP level 6. HP: 34/38 MP: 7/7
  2995 | D:4      | Found a sparkling altar of Nemelex Xobeh.
  3079 | D:4      | Reached ** piety under Okawaru
  3209 | D:4      | Found a bloodstained altar of Trog.
  3209 | D:4      | Found a burning altar of Makhleb.
  3320 | D:5      | Entered Level 5 of the Dungeon
  3576 | D:5      | Reached skill level 5 in Armour
  3576 | D:5      | Reached XP level 7. HP: 33/44 MP: 7/9
  3634 | D:5      | Found a snail-covered altar of Cheibriados.
  3671 | D:5      | Found an ancient bone altar of Kikubaaqudgha.
  3671 | D:5      | Noticed a human
  3674 | D:5      | Killed a human
  3701 | D:5      | Killed from afar by an orc priest

Illustrated notes

Levels and vault maps discovered:
D:1:      minmay_arrival_arboretum_small, layout_loops_ring, minivault_4
D:2:      cheibrodos_old_hovel, layout_rooms, minmay_tromino_v4_a
D:3:      layout_basic, xom_butterflies, grunt_temple_overflow_open,
          shapermc_ecumenical_altar_gd, dreamdust_princess_corridor,
          uniq_terence
D:4:      layout_loops_ring, gammafunk_temple_overflow_wave,
          nemelex_xobeh_ov_fountains_minmay
D:5:      layout_rooms, tgw_kikubaaqudgha, slow_altar_1

Skill      XL: |  1  2  3  4  5  6 |
---------------+-------------------+-----
Armour         | 1 2 3 4 5 |  5.6
Fighting       | 3 4 |  4.8
Invocations    | 1 2 3 |  3.3
Axes           | |  2.7
Throwing       | |  1.8
Dodging        | |  2.4

Action                   |  1- 3 |  4- 6 |  7- 9 || total
-------------------------+-------+-------+-------++-------
Melee: War axe           |   129 |   139 |    15 ||   283
       Punch             |     2 |     5 |       ||     7
Invok: Heroism           |       |     2 |     1 ||     3
  Use: Potion            |       |       |     1 ||     1
 Stab: Distracted        |       |     1 |       ||     1
Armor: Leather armour    |    65 |     2 |       ||    67
       Scale mail        |       |    67 |     1 ||    68
Dodge: Dodged            |   100 |    74 |     3 ||   177
